 Dungeon Crawl Stone Soup version 0.23.1 (webtiles) character file.

Game seed: 1809920735247389227

23 Borgoz the Sneak (level 3, -3/26 HPs)
             Began as a Ghoul Enchanter on Mar 14, 2019.
             Slain by a hobgoblin (4 damage)
             ... on level 2 of the Dungeon.
             The game lasted 00:02:13 (1562 turns).

Borgoz the Sneak (Ghoul Enchanter)                  Turns: 1562, Time: 00:02:13

Health: -3/26      AC:  2    Str: 11    XL:     3   Next: 0%
Magic:  2/4        EV: 12    Int: 10    God:
Gold:   66         SH:  0    Dex: 10    Spells: 2/5 levels left

rFire    . . .     SeeInvis .   a - +1 dagger
rCold    + . .     Gourm    .   (no shield)
rNeg     + + +     Faith    .   b - +0 robe
rPois    ∞         Spirit   .   (no helmet)
rElec    .         Reflect  .   (no cloak)
rCorr    .         Harm     .   (no gloves)
MR       .....                  (no boots)
Stlth    ++........             (no amulet)
HPRegen  0.00/turn              (no ring)
MPRegen  0.09/turn              (no ring)

@: rotting
A: rotting body, claws 1, carnivore, cold resistance 1, negative energy
resistance 3, inhibited regeneration, torment resistance, unbreathing
a: no special abilities


You were on level 2 of the Dungeon.
You were not hungry.

You visited 1 branch of the dungeon, and saw 2 of its levels.

You collected 66 gold pieces.

Inventory:

Hand Weapons
 a - a +1 dagger (weapon)
Missiles
 g - 8 javelins (quivered)
Armour
 b - a +0 robe (worn)
Scrolls
 f - a scroll of identify
 h - a scroll of enchant weapon {unknown}
 j - 2 scrolls of teleportation {unknown}
 k - a scroll of fog
 l - 3 scrolls of amnesia
Comestibles
 d - 3 rations


   Skills:
 * Level 1.7 Short Blades
 * Level 1.2 Armour
 + Level 2.1 Dodging
 - Level 3.2 Stealth
 - Level 1.7 Spellcasting
 - Level 2.4 Hexes


You had 2 spell levels left.
You knew the following spells:

 Your Spells              Type           Power        Failure   Level  Hunger
a - Corona                Hex            #......      12%         1    ##.....
b - Ensorcelled Hibernat  Hex/Ice        #.....       30%         2    ###....

Your spell library contained the following spells:

 Spells                   Type           Power        Failure   Level  Hunger
 Confuse                  Hex            #.......     34%         3    ####...
 Tukima's Dance           Hex            #.......     34%         3    ####...
 Dazzling Spray           Conj/Hex       #.....       52%         3    ####...


Dungeon Overview and Level Annotations

Branches:
Dungeon (2/15)

Altars:
Ru


Innate Abilities, Weirdness & Mutations

Your body is rotting away.
You thrive on raw meat.
You are immune to poison.
You have sharp fingernails.
You are carnivorous and can eat meat at any time.
Your flesh is cold resistant. (rC+)
You are immune to negative energy. (rN+++)
You do not regenerate when monsters are visible.
You are immune to unholy pain and torment.
You can survive without breathing.


Message History

You hit the centaur.
The centaur is severely wounded.
The centaur closely misses you.
An adder comes into view.
A leopard gecko comes into view.
The goblin hits you but does no damage. The centaur closely misses you.
You aren't carrying any potions.
Unknown command.
As you read the scroll labeled UTTEFISEILL, it crumbles to dust.
It is a scroll of identify.
l - 3 scrolls of amnesia The centaur hits you!
The goblin barely misses you. The hobgoblin hits you.
As you read the scroll labeled WEPSOI QYRIMYCH, it crumbles to dust.
The scroll dissolves into smoke.
It was a scroll of fog.
The centaur closely misses you.
The goblin hits you with a cursed -1 dagger.
* * * LOW HITPOINT WARNING * * *
The centaur hits you.
* * * LOW HITPOINT WARNING * * *
The hobgoblin hits you.
You die...

...#.##.##.#...#..
..#.###..........
.#...........#.#.
#.#####........#####
........####.......#
...####.# #.##.##.#
......#.# #.##§##
......#.# #)##§§#
..#####. #.###@#
........
.....§gcg§....#
#.######
######§#S§..... .#.#
.# .....l. ..#.# .#
....... ...#.# .#
....... ....#.# .#
....... .....#.# .#
....... ......#.


You could see a centaur, an adder, a hobgoblin and a goblin.

Vanquished Creatures
  A dart slug (D:1)
  2 giant cockroaches (D:1)
  4 goblins
  A hobgoblin (D:1)
  2 jackals (D:2)
  2 ball pythons (D:1)
  A bat (D:1)
  A frilled lizard (D:1)
  6 kobolds (D:1)
  A rat (D:1)
21 creatures vanquished.

Notes
Turn   | Place    | Note
-------+----------+-------------------------------------------
     0 | D:1      | Borgoz the Ghoul Enchanter began the quest for the Orb.
     0 | D:1      | Reached XP level 1. HP: 14/14 MP: 2/2
    13 | D:1      | Reached skill level 1 in Short Blades
   328 | D:1      | Reached XP level 2. HP: 10/20 MP: 3/3
   342 | D:1      | Learned a level 2 spell: Ensorcelled Hibernation
   801 | D:1      | Reached skill level 1 in Armour
  1257 | D:2      | Found a sacrificial altar of Ru.
  1323 | D:2      | Reached XP level 3. HP: 7/26 MP: 1/4
  1555 | D:2      | Noticed a centaur
  1562 | D:2      | HP: 1/26 [centaur (4)]
  1562 | D:2      | Slain by a hobgoblin

Skill      XL: |  1  2 |
---------------+-------+-----
Short Blades   | 1 |  1.7
Dodging        | 2 |  2.1
Armour         | 1 |  1.2
Stealth        | |  3.2
Spellcasting   | |  1.7
Hexes          | |  2.4

Action                   || total
-------------------------++-------
Melee: Dagger            ||   106
 Cast: Corona            ||     3
       Ensorcelled Hiber ||     1
  Use: Potion            ||     3
       Scroll            ||     2
 Stab: Sleeping          ||     3
  Eat: Chunk             ||    11
Armor: Robe              ||    22
Dodge: Dodged            ||    69
